 Dungeon Crawl Stone Soup version 0.29-a0-243-g602b31c20e (webtiles) character file.

Game seed: 8092514768989369215

762 Ajdolov the Fighter (level 8, -7/71 HPs)
             Began as a Formicid Brigand on Mar 5, 2022.
             Mangled by Prince Ribbit (10 damage)
             ... on level 5 of the Dungeon.
             The game lasted 00:06:57 (3598 turns).

Ajdolov the Fighter (Formicid Brigand)              Turns: 3598, Time: 00:06:58

Health: -7/71      AC:  6    Str: 15    XL:     8   Next: 8%
Magic:  5/5        EV: 10    Int: 12    God:
Gold:   119        SH:  0    Dex: 14    Spells: 7/7 levels left

rFire   + . .      SeeInvis +   q - +7 mace "Demonslayer" {antimagic, rF+ Will+ SInv}
rCold   . . .      Faith    .   (no shield)
rNeg    . . .      Spirit   .   x - +0 ring mail
rPois   .          Reflect  .   (helmet unavailable)
rElec   .          Harm     .   c - +0 cloak
rCorr   .          Rampage  .   (no gloves)
Will    ++...                   (no boots)
Stlth   ++........              h - amulet of regeneration
HPRegen 1.01/turn               v - ring of willpower
MPRegen 0.09/turn               b - ring "Nydimed" {MP+9 Slay+4}

@: no status effects
A: permanent stasis, dig shafts and tunnels, antennae 3, four strong arms
a: Dig, Shaft Self


You were on level 5 of the Dungeon.
You visited 1 branch of the dungeon, and saw 5 of its levels.
You also visited: Sewer.

You collected 229 gold pieces.
You spent 110 gold pieces at shops.

Inventory:

Hand Weapons
 q - the +7 mace "Demonslayer" (weapon) {antimagic, rF+ Will+ SInv}
   (You found it on level 3 of the Dungeon)

   It reduces the magical energy of the wielder, and disrupts the spells and
   magical abilities of those it strikes.
   Natural abilities and divine invocations are not affected.
   rF:        It protects you from fire.
   SInv:      It lets you see invisible.
   Will:      It increases your willpower.
Missiles
 d - 14 poisoned darts (quivered)
 e - 2 curare-tipped darts
 o - 5 atropa-tipped darts
 w - 2 throwing nets
Armour
 c - a +0 cloak (worn)
 x - a +0 ring mail (worn)
Jewellery
 b - the ring "Nydimed" (right hand) {MP+9 Slay+4}
   (You found it on level 2 of the Dungeon)

   [ring of slaying]

   Slay:      It affects your accuracy & damage with ranged weapons and melee
   (+4).
   MP:        It affects your magic capacity (+9).
 h - an amulet of regeneration (around neck)
 l - a ring of protection from fire
 v - a ring of willpower (left hand)
 D - an amulet of faith
Scrolls
 a - a scroll of fear {unknown}
 j - a scroll of vulnerability {unknown}
 m - a scroll of blinking {unknown}
 n - 3 scrolls of identify {unknown}
 p - 3 scrolls of teleportation {unknown}
 r - a scroll of holy word {unknown}
 s - 2 scrolls of immolation {unknown}
 y - a scroll of acquirement {unknown}
 C - a scroll of summoning {unknown}
 E - a scroll of magic mapping
Potions
 f - a potion of invisibility {unknown}
 g - 5 potions of magic {unknown}
 i - 2 potions of lignification {unknown}
 k - 3 potions of degeneration {unknown}
 t - 2 potions of heal wounds
 u - a potion of mutation {unknown}
 z - a potion of brilliance {unknown}
 A - 3 potions of curing {unknown}
 B - a potion of might {unknown}


   Skills:
 * Level 9.5 Fighting
 - Level 2.0 Short Blades
 - Level 2.0 Throwing
 - Level 0.8 Dodging
 - Level 4.8 Stealth


You had 7 spell levels left.
You didn't know any spells.
Your spell library contained the following spells:

 Spells                   Type           Power      Damage    Failure   Level
 Call Canine Familiar     Summ           0%         N/A       89%         3
 Portal Projectile        Hex/Tloc       0%         N/A       89%         3
 Leda's Liquefaction      Hex/Erth       0%         N/A       100%        4


Dungeon Overview and Level Annotations

Branches:
Dungeon (5/15)              Sewer (visited)
 Temple: D:4-7

Altars:
Qazlal

Shops:
D:5 *

Annotations:
D:4 3 runed translucent doors, MoonlitKnight's ghost, amateur BaHu; t4s4d4r's ghost, amateur OpHu
D:5 Prince Ribbit


Innate Abilities, Weirdness & Mutations

You cannot be hasted, slowed, berserked, paralysed or teleported.
You can dig through walls and to a lower floor.
You have a pair of large antennae on your head. (SInv)
Your four strong arms can wield two-handed weapons with a shield.


Message History

You sense a monster nearby.
You sense a monster nearby.
Prince Ribbit comes into view.
Prince Ribbit gives a loud, deep croak!
Prince Ribbit hops awkwardly around.
Prince Ribbit hits you. Prince Ribbit hits you!
You closely miss Prince Ribbit. Prince Ribbit closely misses you. x2
You hit Prince Ribbit.
Prince Ribbit's magic leaks into the air.
Prince Ribbit is lightly wounded.
Prince Ribbit closely misses you. x2
You sock Prince Ribbit!
Prince Ribbit's magic leaks into the air.
Prince Ribbit is moderately wounded.
Prince Ribbit hits you! Prince Ribbit hits you.
You barely miss Prince Ribbit.
Prince Ribbit is moderately wounded.
Prince Ribbit barely misses you.
Prince Ribbit falters for a moment.
You thump Prince Ribbit!
Prince Ribbit's magic leaks into the air.
Prince Ribbit is heavily wounded.
Prince Ribbit catches a millipede with his tongue.
Prince Ribbit hits you.
You barely miss Prince Ribbit.
Prince Ribbit is heavily wounded.
Prince Ribbit hits you! Prince Ribbit hits you.
* * * LOW HITPOINT WARNING * * *
You sock Prince Ribbit!
Prince Ribbit's magic leaks into the air.
Prince Ribbit is almost dead.
Prince Ribbit hits you!
* * * LOW HITPOINT WARNING * * *
Prince Ribbit closely misses you.
You hit Prince Ribbit.
Prince Ribbit's magic leaks into the air.
Prince Ribbit is almost dead.
Prince Ribbit hits you.
* * * LOW HITPOINT WARNING * * *
Prince Ribbit hits you!
You die...

### .. .. #.
.# ... .# {
...### ##.# {
......####..#
{
..........@F#
............##
#..........#
#.....####..#
#...#..# ### {
##. ##.## {#
#..## { {
##..## #.
##..### {


You could see Prince Ribbit (magic disrupted).

Vanquished Creatures
  Eustachio (D:4)
  Duvessa (D:4)
  A scorpion (D:4)
  Dowan (D:4)
  A gnoll shaman (D:3)
  An orc priest (D:4)
  A jelly (D:4)
  Robin (D:2)
  8 gnolls
  3 river rats (Sewer)
  11 adders
  2 worms
  3 orcs (D:4)
  5 endoplasms
  A giant cockroach (D:3)
  17 goblins
  12 hobgoblins
  7 jackals
  5 kobolds
  3 quokkas
  7 ball pythons
  3 bats (D:1)
  8 frilled lizards
  17 rats
120 creatures vanquished.

Vanquished Creatures (others)
  18 plants (D:4)
  5 withered plants (D:4)
23 creatures vanquished.

Grand Total: 143 creatures vanquished

Notes
Turn   | Place    | Note
-------+----------+-------------------------------------------
     0 | D:1      | Ajdolov the Formicid Brigand began the quest for the Orb.
     0 | D:1      | Reached XP level 1. HP: 16/16 MP: 1/1
   296 | D:1      | Reached XP level 2. HP: 21/23 MP: 2/2
   340 | D:1      | Found a faded altar of an unknown god.
   375 | D:1      | Reached skill level 3 in Fighting
   629 | D:1      | Reached XP level 3. HP: 19/29 MP: 3/3
   784 | D:1      | Reached skill level 4 in Fighting
  1186 | D:2      | Identified the ring "Nydimed" {MP+9 Slay+4}
  1352 | D:2      | Noticed Robin
  1370 | D:2      | Reached XP level 4. HP: 38/38 MP: 4/4
  1404 | D:2      | Killed Robin
  1566 | D:2      | Reached skill level 5 in Fighting
  1844 | D:3      | Reached XP level 5. HP: 44/44 MP: 5/5
  2012 | D:3      | Identified the +7 mace "Demonslayer" {antimagic, rF+ Will+
                  | SInv}
  2041 | D:3      | Reached skill level 6 in Fighting
  2320 | D:4      | Noticed Eustachio
  2331 | D:4      | Killed Eustachio
  2332 | D:4      | Reached skill level 7 in Fighting
  2332 | D:4      | Reached XP level 6. HP: 51/55 MP: 5/6
  2392 | D:4      | Found a stormy altar of Qazlal.
  2402 | D:4      | Reached XP level 7. HP: 57/61 MP: 5/7
  2463 | D:4      | Found a glowing drain.
  2473 | Sewer    | Entered a sewer
  2499 | Sewer    | Reached skill level 8 in Fighting
  2988 | D:4      | Noticed Duvessa
  2992 | D:4      | Noticed Dowan
  3112 | D:4      | Found a runed translucent gate.
  3166 | D:4      | Found a runed translucent gate.
  3223 | D:4      | Found a runed translucent gate.
  3255 | D:4      | Killed Duvessa
  3256 | D:4      | Reached skill level 9 in Fighting
  3260 | D:4      | Killed Dowan
  3349 | D:4      | Noticed t4s4d4r's ghost (amateur OpHu)
  3349 | D:4      | Noticed MoonlitKnight's ghost (amateur BaHu)
  3363 | D:4      | Reached XP level 8. HP: 43/71 MP: 5/8
  3556 | D:5      | Entered Level 5 of the Dungeon
  3566 | D:5      | Found Kuidush's General Store.
  3569 | D:5      | Bought a potion of heal wounds for 65 gold pieces
  3569 | D:5      | Bought a scroll of magic mapping for 45 gold pieces
  3587 | D:5      | Noticed Prince Ribbit
  3598 | D:5      | HP: 3/71 [Prince Ribbit (6)]
  3598 | D:5      | Mangled by Prince Ribbit

Illustrated notes

Levels and vault maps discovered:
D:1:      nicolae_arrival_washed_ashore, layout_rooms,
          shapermc_ecumenical_altar_mp_urbaneastern, minmay_misc_feat_five,
          minmay_3d_cube
D:2:      layout_loops_ring, uniq_robin
D:3:      layout_rooms
D:4:      layout_basic, nicolae_qazlal_scattered_showers,
          gammafunk_ghost_cemetery, portal_sewer_entry_d, nicolae_grassy_gnolls,
          uniq_duvessa, uniq_eustachio
D:5:      cheibrodos_two_vegetables, layout_rooms,
          mainiacjoe_overflow_surrounded_room, serial_shops,
          nicolae_shop_behind_doors, gammafunk_ghost_abyssal_escape,
          hangedman_decor_growths, minmay_misc_feat_nine_boxes,
          uniq_prince_ribbit1

Skill      XL: |  1  2  3  4  5  6  7 |
---------------+----------------------+-----
Fighting       | 3 4 5 7 9 |  9.5
Short Blades   | |  2.0
Throwing       | |  2.0
Dodging        | |  0.8
Stealth        | |  4.8

Action                   |  1- 3 |  4- 6 |  7- 9 || total
-------------------------+-------+-------+-------++-------
Melee: Dagger            |   130 |    68 |       ||   198
       Punch             |     1 |     3 |     1 ||     5
       Mace              |       |    40 |    88 ||   128
Throw: Dart              |       |     2 |     3 ||     5
 Stab: Sleeping          |     9 |     5 |     9 ||    23
Armor: Robe              |    38 |       |       ||    38
       Leather armour    |     2 |    12 |       ||    14
       Ring mail         |       |    24 |    28 ||    52
Dodge: Dodged            |   103 |    53 |    54 ||   210

Table legend: (Time is in decaauts)
 A = Elapsed time spent in this place.
 B = Non-inter-level travel time spent in this place.
 C = Inter-level travel time spent in this place.
 D = Time resting spent in this place.
 E = Time spent auto-exploring this place.
 F = Levels seen in this place.
 G = Mean time per level.
                   A        B        C        D        E       F      G
               +--------+--------+--------+--------+--------+-----+--------+
         Total |   3688 |   3530 |    158 |    380 |   1985 |   6 |  614.7 |
       Dungeon |   3196 |   3038 |    158 |    380 |   1726 |   5 |  639.2 |
         Sewer |    492 |    492 |      0 |      0 |    259 |   1 |  492.0 |
               +--------+--------+--------+--------+--------+-----+--------+

Top non-repeatable levels by time:
     D:1: 930 daAuts
     D:2: 810 daAuts
     D:4: 776 daAuts
     D:3: 633 daAuts
   Sewer: 492 daAuts
     D:5: 44 daAuts
